 Dungeon Crawl Stone Soup version 0.27-a0-328-g7f782ed93a (webtiles) character file.

Game seed: 5022582722287969254

347 wampuh the Cutter (level 6, -6/48 HPs)
             Began as a Demonspawn Gladiator on Feb 12, 2021.
             Mangled by Pikel
             ... wielding a +1 whip of electrocution
              (11 damage)
             ... on level 4 of the Dungeon.
             The game lasted 00:04:43 (3733 turns).

wampuh the Cutter (Demonspawn Gladiator)            Turns: 3733, Time: 00:04:44

Health: -6/48      AC:  5    Str: 21    XL:     6   Next: 33%
Magic:  15/15      EV: 14    Int: 10    God:
Gold:   125        SH:  0    Dex: 15    Spells: 5/5 levels left

rFire    . . .     SeeInvis .   a - +0 rapier
rCold    . . .     Faith    .   (no shield)
rNeg     . . .     Spirit   .   b - +0 leather armour
rPois    .         Reflect  .   c - +0 helmet
rElec    .         Harm     .   (no cloak)
rCorr    .         Rampage  .   (no gloves)
Will     .....                  o - +0 pair of boots
Stlth    ++........             (no amulet)
HPRegen  0.16/turn              g - ring of magical power
MPRegen  0.14/turn              k - +6 ring of strength

@: mighty
A: hooves 1, sturdy frame 2
a: no special abilities


You were on level 4 of the Dungeon.
You visited 1 branch of the dungeon, and saw 4 of its levels.

You collected 125 gold pieces.

Inventory:

Hand Weapons
 a - a +0 rapier (weapon)
Missiles
 d - 3 throwing nets (quivered)
Armour
 b - a +0 leather armour (worn)
 c - a +0 helmet (worn)
 o - a +0 pair of boots (worn)
Jewellery
 g - a ring of magical power (left hand)
 k - a +6 ring of strength (right hand)
Scrolls
 f - 4 scrolls of identify
 i - a scroll of enchant armour {unknown}
 j - 2 scrolls of blinking {unknown}
 l - 3 scrolls of fear
 n - 3 scrolls of teleportation
 p - a scroll of immolation {unknown}
Potions
 h - 3 potions of mutation {unknown}
 m - a potion of brilliance {unknown}


   Skills:
 + Level 3.7 Fighting
 + Level 4.0 Short Blades
 - Level 1.7 Throwing
 - Level 4.0 Dodging
 - Level 3.0 Stealth


You had 5 spell levels left.
You didn't know any spells.
Your spell library was empty.

Dungeon Overview and Level Annotations

Branches:
Dungeon (4/15)
 Temple: D:4-7

Altars:
Nemelex Xobeh

Annotations:
D:4 Pikel


Innate Abilities, Weirdness & Mutations

You have large cloven feet.
Your movements are less encumbered by armour. (ER -4)


Message History

You kill the hound!
The lemure misses you. x2
Training target 3.0 for Stealth reached!
Training target 4.0 for Dodging reached!
Your Short Blades skill increases to level 4!
Your Dodging skill increases to level 4!
Your Stealth skill increases to level 3!
The lemure barely misses you.
You see here a hound corpse.
You feel very mighty all of a sudden. The lemure misses you.
You puncture the lemure!
The lemure is moderately wounded.
The lemure hits you.
You barely miss the lemure.
The lemure is moderately wounded.
The lemure closely misses you.
You puncture the lemure!
The lemure is severely wounded.
The lemure closely misses you.
You hit the lemure.
You kill the lemure!
That felt strangely unrewarding.
Pikel misses you.
You hit Pikel.
Pikel is lightly wounded.
The lemure hits you. Pikel barely misses you.
You puncture Pikel!
Pikel is heavily wounded.
The lemure hits you. Pikel misses you.
You puncture Pikel!
Pikel is almost dead.
The lemure closely misses you.
Pikel hits you with a +1 whip of electrocution.
You are electrocuted!!
* * * LOW HITPOINT WARNING * * *
You barely miss Pikel.
Pikel is almost dead.
The lemure barely misses you. Pikel hits you but does no damage.
You are electrocuted!
You die...

... ..# .. ..
.# # .#
#####.###.#
......#K@.#
#...O5###
#.###5######.
#5!......
#<#######
#.....#
##.....
........
###...###.


You could see Pikel, an ogre and 3 lemures.

Vanquished Creatures
  A lemure (D:4)
  2 hounds
  Natasha (thrice) (D:3)
  An orc wizard (D:3)
  Robin (D:3)
  4 gnolls (D:2)
  4 adders
  3 worms
  4 leopard geckos
  4 orcs (D:3)
  4 giant cockroaches
  15 goblins
  11 hobgoblins
  5 jackals
  7 kobolds
  A ball python (D:2)
  5 bats
  4 frilled lizards
  15 rats
94 creatures vanquished.

Notes
Turn   | Place    | Note
-------+----------+-------------------------------------------
     0 | D:1      | wampuh the Demonspawn Gladiator began the quest for the
                  | Orb.
     0 | D:1      | Reached XP level 1. HP: 16/16 MP: 1/1
   334 | D:1      | Gained mutation: Your movements are slightly less
                  | encumbered by armour. (ER -2) [demonic ancestry]
   334 | D:1      | Reached XP level 2. HP: 22/22 MP: 2/2
   794 | D:1      | Reached skill level 1 in Stealth
   876 | D:2      | You fall into a shaft and drop 1 floor!
   906 | D:3      | Gained mutation: You have large cloven feet. [demonic
                  | ancestry]
   906 | D:3      | Reached XP level 3. HP: 24/28 MP: 3/3
  1042 | D:3      | Reached XP level 4. HP: 18/34 MP: 4/4
  1263 | D:4      | Noticed a lemure
  1263 | D:4      | Noticed a lemure
  1264 | D:4      | Noticed Pikel
  1283 | D:3      | Noticed Robin
  1941 | D:3      | Reached XP level 5. HP: 36/41 MP: 5/5
  3335 | D:3      | Killed Robin
  3448 | D:3      | Noticed Natasha
  3454 | D:3      | Killed Natasha
  3480 | D:3      | Noticed Natasha
  3484 | D:3      | Killed Natasha
  3485 | D:3      | Gained mutation: Your movements are less encumbered by
                  | armour. (ER -4) [demonic ancestry]
  3485 | D:3      | Reached XP level 6. HP: 39/47 MP: 6/6
  3598 | D:3      | Found a sparkling altar of Nemelex Xobeh.
  3688 | D:3      | Noticed Natasha
  3695 | D:3      | Killed Natasha
  3733 | D:4      | Mangled by Pikel

Illustrated notes

Levels and vault maps discovered:
D:1:      mrwooster_arrival_statue, layout_basic, serial_corexii_hall,
          corexii_hall_statues_i, corexii_hall_statues_deadend,
          chequers_hall_statues_wall_a, corexii_hall_statues_l,
          corexii_hall_statues_deadend, chequers_hall_statues_corner_a
D:2:      layout_loops_cross
D:3:      layout_rooms, nemelex_spade_bored_becter, uniq_robin, uniq_natasha
D:4:      layout_loops_ring, enter_ossuary_2, minmay_fountain_box, uniq_pikel

Skill      XL: |  1  2  3  4  5  6 |
---------------+-------------------+-----
Stealth        | 1 2 3 |  3.0
Short Blades   | 3 4 |  4.0
Dodging        | 3 4 |  4.0
Fighting       | 3 |  3.7
Throwing       | |  1.7

Action                   |  1- 3 |  4- 6 || total
-------------------------+-------+-------++-------
Melee: Rapier            |    75 |   172 ||   247
       Kick              |     6 |    34 ||    40
  Use: Scroll            |       |     4 ||     4
       Potion            |       |     4 ||     4
 Stab: Sleeping          |     1 |     4 ||     5
       Distracted        |       |     1 ||     1
Armor: Leather armour    |    21 |    37 ||    58
Dodge: Dodged            |    49 |   183 ||   232

Table legend: (Time is in decaauts)
 A = Elapsed time spent in this place.
 B = Non-inter-level travel time spent in this place.
 C = Inter-level travel time spent in this place.
 D = Time resting spent in this place.
 E = Time spent auto-exploring this place.
 F = Levels seen in this place.
 G = Mean time per level.
                   A        B        C        D        E       F      G
               +--------+--------+--------+--------+--------+-----+--------+
         Total |   3748 |   3691 |     57 |   1031 |   2030 |   4 |  937.0 |
       Dungeon |   3748 |   3691 |     57 |   1031 |   2030 |   4 |  937.0 |
               +--------+--------+--------+--------+--------+-----+--------+

Top non-repeatable levels by time:
     D:2: 1515 daAuts
     D:3: 1345 daAuts
     D:1: 863 daAuts
     D:4: 23 daAuts
